 Dungeon Crawl Stone Soup version 0.27.0-1-g7a089689b8 (webtiles) character file.

Game seed: 16386705779920240716

62 avis the Insei (level 4, -6/29 HPs)
             Began as an Octopode Transmuter on Aug 3, 2021.
             Killed from afar by an orc wizard (13 damage)
             ... with a puff of flame
             ... on level 3 of the Dungeon.
             The game lasted 00:07:53 (2219 turns).

avis the Insei (Octopode Transmuter)                Turns: 2219, Time: 00:07:54

Health: -6/29      AC:  1    Str: 10    XL:     4   Next: 8%
Magic:  6/7        EV: 13    Int: 15    God:
Gold:   84         SH:  0    Dex: 12    Spells: 3/7 levels left

rFire    . . .     SeeInvis .   c - +2 spear (venom)
rCold    . . .     Faith    .   (no shield)
rNeg     . . .     Spirit   .   (helmet currently unavailable)
rPois    .         Reflect  .   (no amulet)
rElec    .         Harm     .   (no ring)
rCorr    .         Rampage  .   (no ring)
Will     .....                  (no ring)
Stlth    +++.......             (no ring)
HPRegen  0.09/turn              (no ring)
MPRegen  0.10/turn              (no ring)
                                (no ring)
                                (no ring)

@: appendages
A: tentacle spike 3, almost no armour, amphibious, 8 rings, camouflage 1,
gelatinous body 1, (nimble swimmer 1), tentacles
a: End Transformation


You were on level 3 of the Dungeon.
One of your tentacles had grown a beastly spike.
You visited 1 branch of the dungeon, and saw 3 of its levels.

You collected 84 gold pieces.

Inventory:

Hand Weapons
 c - a +2 spear of venom (weapon)
Missiles
 a - 31 bolts
 e - 13 poisoned darts
 h - 81 stones
 i - 75 arrows
Scrolls
 g - 3 scrolls of identify {unknown}
 j - a scroll of silence {unknown}
 l - a scroll of holy word {unknown}
 m - a scroll of immolation {unknown}
Potions
 b - a potion of attraction {unknown}
 d - 3 potions of degeneration {unknown}
 f - a potion of brilliance {unknown}
 k - a potion of berserk rage {unknown}


   Skills:
 - Level 2.0 Fighting
 - Level 2.0 Dodging
 - Level 2.0 Stealth
 * Level 3.6 Unarmed Combat
 - Level 2.0 Spellcasting
 - Level 2.0 Transmutations
 - Level 2.0 Poison Magic


You had 3 spell levels left.
You knew the following spells:

 Your Spells              Type           Power      Damage    Failure   Level
a - Beastly Appendage     Tmut           14%        N/A       10%         1
p - Spider Form           Tmut/Pois      3%         N/A       28%         3

Your spell library contained the following spells:

 Spells                   Type           Power      Damage    Failure   Level
 Wereblood                Tmut           7%         N/A       14%         2
 Ice Form                 Ice/Tmut       4%         N/A       82%         4


Dungeon Overview and Level Annotations

Branches:
Dungeon (3/15)

Altars:


Innate Abilities, Weirdness & Mutations

One of your tentacles has grown a beastly spike.
You cannot wear most types of armour.
You are amphibious.
You can wear up to eight rings at the same time.
Your skin changes colour to match your surroundings (Stealth+).
Your rubbery body absorbs attacks. (AC +1, EV +1)
((You are camouflaged near water. (Stealth+)))
You have tentacles for arms and can constrict up to eight enemies at once.


Message History

HP restored.
Magic restored.
An adder skeleton comes into view.
There is a stone staircase leading down here.
Casting: Beastly Appendage (safe; 10% risk of failure)
Confirm with . or Enter, or press ? or * to list all spells.
One of your tentacles grows a vicious spike.
The adder skeleton closely misses you.
You barely miss the adder skeleton. You grab the adder skeleton.
You constrict the adder skeleton. The adder skeleton barely misses you.
You hit the adder skeleton.
You pierce the adder skeleton.
You squeeze the adder skeleton!
You destroy the adder skeleton!
Your transformation is almost over.
Your tentacle spike disappears. 2 orcs and an orc wizard come into view.
Casting: Beastly Appendage (safe; 10% risk of failure)
Confirm with . or Enter, or press ? or * to list all spells.
One of your tentacles grows a vicious spike.
The orc wizard shouts!
The orc shouts!
The orc wizard casts a spell at you. The puff of flame hits you!
The orc wizard hits you with a +0 dagger.
You hit the orc wizard.
The orc wizard is poisoned.
You grab the orc wizard.
The orc wizard is moderately wounded.
You constrict the orc wizard, but do no damage.
The orc wizard hits you with a +0 dagger.
You hit the orc wizard.
The orc wizard looks as sick as possible!
You pierce the orc wizard.
You tentacle-slap the orc wizard.
The orc wizard is almost dead.
You constrict the orc wizard.
The orc wizard hits you with a +0 dagger.
The orc wizard gestures at you while chanting.
The magic dart hits you!
* * * LOW HITPOINT WARNING * * *
The orc completely misses you.
You release your grip on the orc wizard.
The orc wizard casts a spell at you. The puff of flame hits you!
You die...

...# ..... .. ####
..... . ### ##. #
#.. ### #.#.# ..#
#.#.###.# #.#
#.ooo...# ..#
#######.#
.##########.....@.#
............#######
#############


You could see an orc wizard (extremely poisoned) and an orc.

Vanquished Creatures
  2 adders (D:2)
  An adder skeleton (D:3)
  2 dart slugs
  5 endoplasms
  3 giant cockroaches (D:2)
  2 goblins
  2 hobgoblins
  2 jackals (D:2)
  A quokka (D:2)
  4 ball pythons
  7 bats
  2 frilled lizards
  3 kobolds
36 creatures vanquished.

Notes
Turn   | Place    | Note
-------+----------+-------------------------------------------
     0 | D:1      | avis the Octopode Transmuter began the quest for the Orb.
     0 | D:1      | Reached XP level 1. HP: 13/13 MP: 3/3
    24 | D:1      | Reached skill level 1 in Stealth
   109 | D:1      | Reached XP level 2. HP: 18/18 MP: 3/5
  1203 | D:2      | Reached skill level 1 in Poison Magic
  1203 | D:2      | Reached XP level 3. HP: 24/24 MP: 4/6
  1249 | D:1      | Learned a level 3 spell: Spider Form
  2152 | D:3      | Reached XP level 4. HP: 29/29 MP: 5/7
  2219 | D:3      | Killed from afar by an orc wizard

Illustrated notes

Levels and vault maps discovered:
D:1:      eino_arrival_cavern_a, layout_basic
D:2:      layout_basic, minmay_pentomino_r4
D:3:      layout_loops_cross

Skill      XL: |  1  2  3 |
---------------+----------+-----
Stealth        | 2 |  2.0
Fighting       | 2 |  2.0
Poison Magic   | 1 2 |  2.0
Dodging        | |  2.0
Unarmed Combat | |  3.6
Spellcasting   | |  2.0
Transmutations | |  2.0

Action                   |  1- 3 |  4- 6 || total
-------------------------+-------+-------++-------
Melee: Unarmed           |     6 |       ||     6
       Kick              |    10 |     2 ||    12
       Tentacles         |     5 |     1 ||     6
       Constrict         |    14 |     2 ||    16
       Spear             |    61 |     7 ||    68
       Punch             |     1 |     1 ||     2
 Cast: Beastly Appendage |    25 |     2 ||    27
 Stab: Sleeping          |     9 |       ||     9
Armor: Skin              |     8 |       ||     8
Dodge: Dodged            |    30 |     4 ||    34
